 Dungeon Crawl Stone Soup version 0.29.1-1-gd02db6906a (webtiles) character file.

Game seed: 14013976975868025886

180 raistware the Conjurer (level 5, 0/31 HPs)
             Began as an Octopode Conjurer on Oct 3, 2022.
             Killed by miscasting Iskenderun's Mystic Blast (9 damage)
             ... on level 3 of the Dungeon.
             The game lasted 00:05:19 (3678 turns).

raistware the Conjurer (Octopode Conjurer)          Turns: 3678, Time: 00:05:20

Health: 0/31       AC:  1    Str:  5 (7)  XL:     5   Next: 60%
Magic:  4/11       EV: 13    Int: 19 (22) God:
Gold:   139        SH:  0    Dex: 14 (16) Spells: 7/12 levels left

rFire   . . .      SeeInvis .   l - +5 dagger (venom)
rCold   . . .      Faith    .   (no shield)
rNeg    . . .      Spirit   .   (helmet restricted)
rPois   .          Reflect  .   (no amulet)
rElec   .          Harm     .   r - +6 ring of dexterity
rCorr   .          Rampage  .   (no ring)
Will    .....                   (no ring)
Stlth   +++.......              (no ring)
HPRegen 0.10/turn               (no ring)
MPRegen 0.12/turn               (no ring)
                                (no ring)
                                (no ring)

@: brilliant, very slightly contaminated
A: almost no armour, amphibious, 8 rings, camouflage 1, gelatinous body 1,
(nimble swimmer 1), tentacles
a: no special abilities


You were on level 3 of the Dungeon.
You visited 1 branch of the dungeon, and saw 3 of its levels.

You collected 139 gold pieces.

Inventory:

Hand Weapons
 l - a +5 dagger of venom (weapon)
Missiles
 h - 7 poisoned darts
 k - 2 javelins
Magical Staves
 c - a staff of air
Jewellery
 r - a +6 ring of dexterity (left tentacle)
Wands
 g - a wand of digging (5)
Scrolls
 b - 2 scrolls of teleportation {unknown}
 d - 4 scrolls of identify {unknown}
 e - a scroll of amnesia {unknown}
 f - a scroll of fog
 j - 3 scrolls of summoning {unknown}
 n - a scroll of fear {unknown}
 o - a scroll of vulnerability {unknown}
 q - a scroll of acquirement {unknown}
Potions
 a - a potion of magic
 p - a potion of cancellation {unknown}


   Skills:
 - Level 2.0 Dodging
 - Level 3.0 Stealth
 - Level 4.0 Spellcasting
 + Level 4.8 Conjurations
 - Level 2.0 Translocations


You had 7 spell levels left.
You knew the following spells:

 Your Spells              Type           Power      Damage    Failure   Level
a - Magic Dart            Conj           100%       1d8       1%          1
b - Iskenderun's Mystic   Conj/Tloc      25%        2d7       32%         4

Your spell library contained the following spells:

 Spells                   Type           Power      Damage    Failure   Level
 Searing Ray              Conj           66%        2d6       2%          2
 Freeze                   Ice            20%        1d4       14%         1
 Dazzling Flash           Conj/Hex       38%        N/A       16%         3
 Ensorcelled Hibernation  Hex/Ice        10%        N/A       21%         2
 Frozen Ramparts          Ice            10%        1d2       38%         3
 Spider Form              Tmut/Pois      5%         N/A       38%         3
 Fulminant Prism          Conj/Hex       9%         3d7       45%         4
 Hailstorm                Conj/Ice       19%        3d6       45%         4
 Anguish                  Hex/Necr       2%         N/A       80%         4


Dungeon Overview and Level Annotations

Branches:
Dungeon (3/15)

Altars:

Annotations:
D:3 Ijyb


Innate Abilities, Weirdness & Mutations

You cannot wear most types of armour.
You are amphibious.
You can wear up to eight rings at the same time.
Your skin changes colour to match your surroundings (Stealth+).
Your rubbery body absorbs attacks. (AC +1, EV +1)
((You are camouflaged when in or above water. (Stealth+)))
You have tentacles for arms and can constrict up to eight enemies at once.


Message History

An adder comes into view.
Ijyb zaps a wand.
The puff of flame hits you!
* * * LOW HITPOINT WARNING * * *
You remove your +6 ring of dexterity.
You feel clumsy.
As you read the scroll labelled RUHEMOSINE, it crumbles to dust.
The scroll dissolves into smoke.
It was a scroll of fog.
Okay, then.
You feel agile.
r - a +6 ring of dexterity (left tentacle) It was a potion of degeneration.
There was something very wrong with that liquid.
You feel weakened.
You feel dopey.
You feel clumsy.
It was a potion of brilliance.
You feel clever all of a sudden.
Casting: Magic Dart (safe; 1% risk of failure)
Confirm with . or Enter, or press ? or * to list all spells.
The spell is extremely dangerous to miscast (32% risk of failure)!
Continue anyway?
You feel a surge of power!
You erupt in a blast of force!
The mystic blast hits Ijyb.
Ijyb is lightly wounded.
Ijyb is knocked back by the mystic blast.
Ijyb slams into the rock wall!
Ijyb is moderately wounded.
Casting: Iskenderun's Mystic Blast (extremely dangerous; 32% risk of failure)
Confirm with . or Enter, or press ? or * to list all spells.
The spell is extremely dangerous to miscast (32% risk of failure)!
Continue anyway?
You feel a surge of power!
You erupt in a blast of force!
The mystic blast hits Ijyb.
Ijyb is heavily wounded.
Ijyb is knocked back by the mystic blast.
Ijyb slams into the rock wall!
Ijyb is severely wounded.
Casting: Iskenderun's Mystic Blast (extremely dangerous; 32% risk of failure)
Confirm with . or Enter, or press ? or * to list all spells.
The spell is extremely dangerous to miscast (32% risk of failure)!
Continue anyway?
You feel a surge of power!
You miscast Iskenderun's Mystic Blast.
You are very lightly contaminated with residual magic.
Strange energies run through your body!
You die...

..# #.'.[.......# ###.#.. ..#
#.#....(....# #.#.. ..#
#.#.........# #.#.. #.#
#.#.........# #.#..
#.######.#.........# #.#..
.........#.........# ######+#.>
#.########†.......S# ...... ....
#†##.............g§###§........##
#.##......#.....@##§g§§g.......
#.##......+......##§§§§..S..
#.##......#......##§§§§.†...
#.########.......######.....
#.......##.......# ....
<.......##...##### ##.
........####.#############
....##### #.........<...#
....'..## ###########.#.#


You could see Ijyb and an adder (wandering).

Vanquished Creatures
  Jessica (D:2)
  Natasha (D:2)
  6 adders
  A worm (D:3)
  4 dart slugs
  2 orcs
  4 bats
  5 endoplasms
  2 giant cockroaches
  9 hobgoblins
  6 quokkas
  4 ball pythons
  2 frilled lizards
  5 goblins
  3 kobolds
  9 rats
64 creatures vanquished.

Vanquished Creatures (others)
  2 plants (D:1)
2 creatures vanquished.

Grand Total: 66 creatures vanquished

Notes
Turn   | Place    | Note
-------+----------+-------------------------------------------
     0 | D:1      | raistware the Octopode Conjurer began the quest for the
                  | Orb.
     0 | D:1      | Reached XP level 1. HP: 11/11 MP: 3/3
   176 | D:1      | Reached XP level 2. HP: 17/17 MP: 0/5
   756 | D:1      | Reached XP level 3. HP: 21/21 MP: 5/7
  1756 | D:2      | Reached XP level 4. HP: 27/27 MP: 6/9
  1818 | D:2      | Noticed Natasha
  1827 | D:2      | Learned a level 4 spell: Iskenderun's Mystic Blast
  1839 | D:2      | Killed Natasha
  2003 | D:2      | Reached skill level 1 in Translocations
  2193 | D:2      | Noticed Jessica
  2199 | D:2      | Killed Jessica
  2200 | D:2      | Reached XP level 5. HP: 14/31 MP: 6/11
  2938 | D:2      | Found a faded altar of an unknown god.
  3663 | D:3      | Noticed Ijyb
  3678 | D:3      | Killed by miscasting Iskenderun's Mystic Blast

Illustrated notes

Levels and vault maps discovered:
D:1:      denvon_arrival_planthouse, layout_loops_ring
D:2:      layout_basic, hellmonk_ecumenical_altar_prayer_group,
          minmay_split_cup_small, uniq_jessica, uniq_natasha
D:3:      layout_basic, uniq_ijyb

Skill      XL: |  1  2  3  4  5 |
---------------+----------------+-----
Spellcasting   | 3 4 |  4.0
Translocations | 1 2 |  2.0
Stealth        | 3 |  3.0
Dodging        | |  2.0
Conjurations   | |  4.8

Action                   |  1- 3 |  4- 6 || total
-------------------------+-------+-------++-------
Melee: Staff             |     4 |     6 ||    10
       Unarmed           |     1 |       ||     1
       Constrict         |     3 |     4 ||     7
       Tentacles         |     2 |     4 ||     6
       Dagger            |       |     9 ||     9
 Cast: Magic Dart        |    71 |    59 ||   130
       Iskenderun's Myst |       |     3 ||     3
  Use: Potion            |       |     3 ||     3
       Scroll            |       |     1 ||     1
 Stab: Sleeping          |       |     3 ||     3
Armor: Skin              |     1 |     2 ||     3
Dodge: Dodged            |    10 |     7 ||    17
